 Dungeon Crawl Stone Soup version 0.28.0-53-g5a82cb258f (webtiles) character file.

Game seed: 8984663280789489736

168 mcbry74 the Insei (level 5, -6/37 HPs)
             Began as a Merfolk Transmuter on July 6, 2022.
             Killed by divine providence
             ... invoked by an orc priest
              (11 damage)
             ... on level 4 of the Dungeon.
             The game lasted 00:10:57 (3574 turns).

mcbry74 the Insei (Merfolk Transmuter)              Turns: 3574, Time: 00:10:57

Health: -6/37      AC:  2    Str: 10    XL:     5   Next: 48%
Magic:  6/8        EV: 12    Int: 15    God:
Gold:   65         SH:  0    Dex: 14    Spells: 1/8 levels left

rFire   . . .      SeeInvis .     - Unarmed
rCold   . . .      Faith    .   (no shield)
rNeg    . . .      Spirit   .   j - +0 robe {Will+}
rPois   .          Reflect  .   (helmet currently unavailable)
rElec   .          Harm     .   (no cloak)
rCorr   .          Rampage  .   (no gloves)
Will    +....                   (boots currently unavailable)
Stlth   +.........              (no amulet)
HPRegen 0.12/turn               (no ring)
MPRegen 0.11/turn               (no ring)

@: appendages (expiring), wereblooded
A: horns 2, (nimble swimmer 2), mertail
a: End Transformation


You were on level 4 of the Dungeon.
You had temporarily grown beastly horns.
You visited 1 branch of the dungeon, and saw 4 of its levels.

You collected 65 gold pieces.

Inventory:

Hand Weapons
 f - the +9 hunting sling of Vengeance {flame, rN+ Int+4}
   (You found it on level 2 of the Dungeon)

   Any ammunition fired from it burns those it strikes, dealing additional fire
   damage.
   Int:       It affects your intelligence (+4).
   rN:        It protects you from negative energy.
Missiles
 g - 24 sling bullets
 h - 2 throwing nets
Armour
 a - a +0 robe
 i - a +0 pair of boots (melded)
 j - a +0 robe of willpower (worn)
Scrolls
 c - 2 scrolls of identify {unknown}
 e - a scroll of silence {unknown}
 k - a scroll of teleportation {unknown}
 l - a scroll of amnesia {unknown}
Potions
 b - a potion of haste {unknown}
 d - 2 potions of heal wounds {unknown}


   Skills:
 - Level 1.1 Fighting
 + Level 0.0 Slings
 + Level 2.6 Dodging
 * Level 6.6 Unarmed Combat
 - Level 2.0 Spellcasting
 + Level 0.0 Summonings
 * Level 2.6 Transmutations
 + Level 0.0 Poison Magic


You had one spell level left.
You knew the following spells:

 Your Spells              Type           Power      Damage    Failure   Level
a - Beastly Appendage     Tmut           18%        N/A       8%          1
b - Wereblood             Tmut           9%         N/A       11%         2
c - Summon Small Mammal   Summ           4%         N/A       22%         1
d - Spider Form           Tmut/Pois      5%         N/A       36%         3

Your spell library contained the following spells:

 Spells                   Type           Power      Damage    Failure   Level
 Animate Skeleton         Necr           2%         N/A       22%         1
 Apportation              Tloc           2%         N/A       22%         1
 Ice Form                 Ice/Tmut       5%         N/A       77%         4


Dungeon Overview and Level Annotations

Branches:
Dungeon (4/15)
 Temple: D:4-7

Altars:
Gozag


Innate Abilities, Weirdness & Mutations

You have temporarily grown beastly horns.
((You are very nimble when in or above water. (Stealth+, EV+, Speed+++)))
Your lower body shifts to a powerful aquatic tail in water.


Message History

You grow a pair of large bovine horns.
Your +0 pair of boots melds into your body.
You hit the orc priest but do no damage.
You headbutt the orc priest, but do no damage.
The orc priest closely misses you.
You completely miss the orc priest. The orc priest barely misses you.
You hit the orc priest but do no damage.
You headbutt the orc priest.
The orc priest is lightly wounded.
The orc priest calls down the wrath of Beogh upon you.
Beogh smites you!
You hear an angry hiss.
You hit the orc priest but do no damage.
The orc priest is lightly wounded.
A ball python comes into view.
The orc priest hits you with a +0 flail.
An iguana comes into view.
You hit the orc priest but do no damage.
The orc priest is lightly wounded.
The orc priest hits you with a +0 flail.
You completely miss the orc priest.
The orc priest is lightly wounded.
The orc priest hits you with a +0 flail.
You closely miss the orc priest.
The orc priest is lightly wounded.
The orc priest barely misses you.
You barely miss the orc priest.
The orc priest is lightly wounded.
The iguana closely misses you.
Your transformation is almost over.
You see here a +0 whip.
The orc priest mumbles some strange prayers to Beogh against you.
Pain shoots through your body!
* * * LOW HITPOINT WARNING * * *
Things that are here:
a +0 dagger; a +0 leather armour Unknown command.
The orc priest mumbles some strange prayers to Beogh against you.
Beogh smites you!
You die...

. ... ...(# .#.# ...
###(### #...(.# ##
#....[#
...##(..).#########
.......).So.@...?.#
.####.....l######..#
#......)<#
#.....##.......#
#...[.########..
#######


You could see an iguana, an orc priest and a ball python.

Vanquished Creatures
  An orc priest (D:3)
  A hound skeleton (D:4)
  3 gnolls (D:4)
  3 adders
  2 worms (D:3)
  A dart slug (D:3)
  7 orcs
  3 ball pythons
  6 endoplasms
  A giant cockroach (D:2)
  2 goblins
  2 hobgoblins
  5 jackals
  8 kobolds
  3 bats
  3 frilled lizards
  8 rats
59 creatures vanquished.

Notes
Turn   | Place    | Note
-------+----------+-------------------------------------------
     0 | D:1      | mcbry74 the Merfolk Transmuter began the quest for the Orb.
     0 | D:1      | Reached XP level 1. HP: 15/15 MP: 3/3
     3 | D:1      | Found a faded altar of an unknown god.
   289 | D:1      | Reached XP level 2. HP: 21/21 MP: 3/5
   362 | D:1      | Reached skill level 4 in Unarmed Combat
  1408 | D:2      | Reached XP level 3. HP: 13/26 MP: 6/6
  1885 | D:2      | Identified the +9 hunting sling of Vengeance {flame, rN+
                  | Int+4}
  2402 | D:3      | Reached skill level 5 in Unarmed Combat
  2458 | D:3      | Learned a level 2 spell: Wereblood
  2469 | D:3      | Reached XP level 4. HP: 24/32 MP: 4/7
  2814 | D:3      | Reached skill level 6 in Unarmed Combat
  2816 | D:3      | Learned a level 1 spell: Summon Small Mammal
  2820 | D:3      | Learned a level 3 spell: Spider Form
  3218 | D:3      | Reached XP level 5. HP: 37/37 MP: 8/8
  3299 | D:3      | Found an opulent altar of Gozag.
  3574 | D:4      | Killed from afar by an orc priest

Illustrated notes

Levels and vault maps discovered:
D:1:      doesnt_arrival_eight_statues, layout_loops_cross,
          ebering_ecumenical_altar_webs, serial_bayou_lagoon_a
D:2:      layout_basic
D:3:      layout_basic, grunt_gozag_breadcrumbs, amcnicky_mini_pool_small
D:4:      layout_rooms, nicolae_kikubaaqudgha_miasma_corner, serial_shops, shop,
          uniq_natasha

Skill      XL: |  1  2  3  4 |
---------------+-------------+-----
Unarmed Combat | 4 5 6 |  6.6
Fighting       | |  1.1
Dodging        | |  2.6
Spellcasting   | |  2.0
Transmutations | |  2.6

Action                   |  1- 3 |  4- 6 || total
-------------------------+-------+-------++-------
Melee: Unarmed           |    95 |    34 ||   129
       Headbutt          |    14 |     3 ||    17
       Punch             |     1 |       ||     1
 Fire: Hunting sling     |     5 |    33 ||    38
 Cast: Beastly Appendage |    30 |     3 ||    33
       Wereblood         |     1 |     1 ||     2
 Stab: Sleeping          |     1 |       ||     1
Armor: Robe              |    18 |     2 ||    20
Dodge: Dodged            |    49 |    21 ||    70
